 Dungeon Crawl Stone Soup version 0.19-a0-147-g6f47703 (webtiles) character file.

6860 Duffy the Nimble (level 10, -7/59 HPs)
             Began as a Deep Elf Fire Elementalist on May 18, 2016.
             Was a Priest of Sif Muna.
             Mangled by a gnoll sergeant
             ... wielding a +2 trident of piercing
              (11 damage)
             ... on level 10 of the Dungeon.
             The game lasted 00:23:35 (13023 turns).

Duffy the Nimble (Deep Elf Fire Elementalist)      Turns: 13023, Time: 00:23:36

Health: -7/59      AC:  3    Str:  5    XL:     10   Next: 78%
Magic:  1/25       EV: 10    Int: 21    God:    Sif Muna [***...]
Gold:   612        SH:  0    Dex: 18    Spells: 6 memorised, 10 levels left

rFire  + + .     SeeInvis .     M - staff of energy {!a}
rCold  x x .     Gourm    .     a - +0 robe
rNeg   . . .     Faith    .     (no shield)
rPois  .         Spirit   .     (no helmet)
rElec  .         Dismiss  .     (no cloak)
rCorr  .         Reflect  +     L - +0 pair of gloves
SustAt .         Harm     .     (no boots)
MR     +....                    D - +3 amulet of reflection
Stlth  ++........               z - ring of fire
                                T - ring of fire

@: held, somewhat resistant to hostile enchantments, unstealthy
A: no striking features
a: Channel Energy, Renounce Religion


You were on level 10 of the Dungeon.
You worshipped Sif Muna.
Sif Muna was most pleased with you.
You were hungry.

You visited 1 branch of the dungeon, and saw 10 of its levels.
You also visited: Sewer and Ossuary.

You collected 612 gold pieces.


   Skills:
 - Level 5.0 Fighting
 - Level 10.4 Dodging
 - Level 2.4 Stealth
 + Level 9.2 Spellcasting
 + Level 9.0 Conjurations
 + Level 5.6 Fire Magic
 - Level 6.2 Invocations


You had 10 spell levels left.
You knew the following spells:

 Your Spells              Type           Power        Failure   Level  Hunger
a - Flame Tongue          Conj/Fire      #####        1%          1    None
j - Sticky Flame          Conj/Fire      ######..     3%          4    None
k - Fireball              Conj/Fire      ######....   12%         5    None
l - Conjure Flame         Conj/Fire      ######..     1%          3    None
m - Repel Missiles        Chrm/Air       #.....       12%         2    None
B - Blink                 Tloc           N/A          12%         2    None

Inventory:

Hand Weapons
 f - a +2 dagger of venom
Missiles
 q - 91 poisoned needles
 r - 2 javelins (quivered)
Armour
 a - a +0 robe (worn)
 J - a +0 buckler
 L - a +0 pair of gloves (worn)
Magical Staves
 M - an uncursed staff of energy (weapon) {!a}
Jewellery
 n - an uncursed ring of ice
 o - a +4 ring of strength
 z - a ring of fire (right hand)
 D - a +3 amulet of reflection (around neck)
 G - an uncursed ring of protection from magic
 T - a ring of fire (left hand)
Wands
 C - a wand of acid (9/15)
 I - a wand of flame (27/48)
Scrolls
 d - 2 scrolls of fog
 i - 2 scrolls of amnesia
 p - a scroll of enchant armour
 s - 5 scrolls of teleportation
 u - 5 scrolls of remove curse
 v - 2 scrolls of magic mapping
 y - a scroll of fear
 F - a scroll of enchant weapon
 O - a scroll of blinking {unknown}
 R - a scroll of identify
 S - a scroll of noise {unknown}
Potions
 e - 8 potions of curing
 g - a potion of cancellation
 h - 6 potions of flight
 k - 3 potions of berserk rage
 l - 5 potions of brilliance
 m - 2 potions of cure mutation {unknown}
 t - a potion of resistance
 w - 3 potions of haste
 x - 2 potions of invisibility {unknown}
 E - 3 potions of degeneration
 H - 2 potions of heal wounds {unknown}
 Q - a potion of lignification {unknown}
Books
 b - a book of Flames
 j - a book of Enchantments
 A - a book of Burglary
 B - a book of Frost
 K - a book of Annihilations
 P - a book of Minor Magic
Comestibles
 c - 4 bread rations
 N - 5 fruits

Dungeon Overview and Level Annotations

Branches:
Dungeon (10/15)            Temple (0/1) D:7
   Lair: D:8-11         Orc: D:9-12

Altars:
Elyvilon
Gozag
Nemelex Xobeh
Okawaru
Qazlal
Sif Muna
Trog
Yredelemnul

Annotations:
D:7 2 runed doors


Message History

The gnoll closely misses you. The gnoll sergeant barely misses you.
Cast which spell? (? or * to list)
Aiming: Flame Tongue
Press: ? - help, Shift-Dir - straight line, f/p - gnoll sergeant
Aim: a gnoll sergeant, wielding a trident of piercing and wearing a scale mail (severely wounded)
You feel a strong surge of power!
The flame tongue hits the gnoll.
You kill the gnoll!
The gnoll sergeant hits you from afar with a trident of piercing!
Cast which spell? (? or * to list)
Aiming: Flame Tongue
Press: ? - help, Shift-Dir - straight line, f/p - gnoll sergeant
Aim: a gnoll sergeant, wielding a trident of piercing and wearing a scale mail (severely wounded)
You feel a strong surge of power!
The flame tongue hits the gnoll sergeant.
The gnoll sergeant is severely wounded.
Cast which spell? (? or * to list)
Aiming: Flame Tongue
Press: ? - help, Shift-Dir - straight line, f/p - gnoll sergeant
Aim: a gnoll sergeant, wielding a trident of piercing and wearing a scale mail (severely wounded)
You feel a strong surge of power!
The flame tongue misses the gnoll sergeant.
The gnoll sergeant hits you from afar with a trident of piercing!
Cast which spell? (? or * to list)
Aiming: Flame Tongue
Press: ? - help, Shift-Dir - straight line, f/p - gnoll sergeant
Aim: a gnoll sergeant, wielding a trident of piercing and wearing a scale mail (severely wounded)
You feel a strong surge of power!
The flame tongue hits the gnoll sergeant.
The gnoll sergeant appears unharmed.
The gnoll sergeant is severely wounded.
The gnoll sergeant hits you from afar with a trident of piercing!
Cast which spell? (? or * to list)
Aiming: Flame Tongue
Press: ? - help, Shift-Dir - straight line, f/p - gnoll sergeant
Aim: a gnoll sergeant, wielding a trident of piercing and wearing a scale mail (severely wounded)
You feel a strong surge of power!
The flame tongue hits the gnoll sergeant.
The gnoll sergeant appears unharmed.
The gnoll sergeant is severely wounded.
The gnoll sergeant hits you from afar with a trident of piercing!
Cast which spell? (? or * to list)
Aiming: Flame Tongue
Press: ? - help, Shift-Dir - straight line, f/p - gnoll sergeant
Aim: a gnoll sergeant, wielding a trident of piercing and wearing a scale mail (severely wounded)
You feel a strong surge of power!
The flame tongue hits the gnoll sergeant.
The gnoll sergeant appears unharmed.
The gnoll sergeant is severely wounded.
The gnoll sergeant hits you from afar with a trident of piercing!
You die...

.... .# ###### ....
..# .#...####.....
..# .'......#......
#.#
.#......#...))g##.#
##.####.# ).0g##.#
#.####.######....#
#.##........#..@(#
#####...######.##.#
#...#...######....#
#.#.#........#....#
#...##########.#..#
..................#
..#....#..........#
..#....#........#.#
..................#


You could see a gnoll sergeant and a gnoll.

Action                   |  1- 3 |  4- 6 |  7- 9 | 10-12 || total
-------------------------+-------+-------+-------+-------++-------
Melee: Dagger            |    64 |    12 |    36 |       ||   112
 Cast: Flame Tongue      |    24 |   114 |   226 |   309 ||   673
       Sticky Flame      |       |     2 |    13 |     7 ||    22
       Conjure Flame     |       |     1 |    19 |    28 ||    48
       Blink             |       |       |       |     2 ||     2
       Repel Missiles    |       |       |       |     2 ||     2
Invok: Channel Energy    |       |       |    29 |    12 ||    41
  Use: Scroll            |       |       |    15 |     1 ||    16
       Potion            |       |       |       |     1 ||     1
 Stab: Sleeping          |     9 |     1 |       |       ||    10
  Eat: Chunk             |     3 |     5 |    13 |     3 ||    24
       Beef jerky        |       |     1 |       |     2 ||     3
       Meat ration       |       |     1 |       |     1 ||     2
       Fruit             |       |       |     5 |       ||     5
       Royal jelly       |       |       |     1 |       ||     1
Armor: Robe              |    14 |     3 |     9 |    10 ||    36
Dodge: Dodged            |    37 |    21 |    61 |   127 ||   246
       Deflected         |       |       |       |     4 ||     4
Block: Other             |       |     1 |    11 |    19 ||    31
       Reflection        |       |       |       |     3 ||     3

Notes
Turn   | Place    | Note
--------------------------------------------------------------
     0 | D:1      | Duffy the Deep Elf Fire Elementalist began the quest for the Orb.
     0 | D:1      | Reached XP level 1. HP: 10/10 MP: 6/6
   104 | D:1      | Reached skill level 2 in Conjurations
   137 | D:1      | Reached XP level 2. HP: 13/15 MP: 0/8
   681 | D:1      | Reached skill level 3 in Conjurations
  1025 | D:2      | Reached XP level 3. HP: 16/19 MP: 9/9
  1030 | D:2      | Learned a level 3 spell: Conjure Flame
  1428 | D:2      | Found a sparkling altar of Nemelex Xobeh.
  2224 | D:3      | Reached XP level 4. HP: 20/24 MP: 7/10
  2230 | D:3      | Learned a level 4 spell: Sticky Flame
  2260 | D:3      | Reached skill level 4 in Conjurations
  2339 | D:3      | Found a basalt altar of Yredelemnul.
  2368 | D:3      | Reached skill level 4 in Fire Magic
  2492 | D:3      | Found a bloodstained altar of Trog.
  2561 | D:3      | Found a glowing drain.
  2575 | Sewer    | Entered a sewer
  2799 | Sewer    | Reached XP level 5. HP: 24/28 MP: 4/11
  3218 | Sewer    | Reached skill level 5 in Conjurations
  4427 | D:5      | Entered Level 5 of the Dungeon
  4467 | D:5      | Reached skill level 1 in Fighting
  4636 | D:5      | Reached XP level 6. HP: 34/34 MP: 9/12
  4646 | D:5      | Reached skill level 3 in Dodging
  4938 | D:5      | Reached skill level 2 in Fighting
  4938 | D:5      | Reached skill level 4 in Dodging
  5108 | D:5      | Found a stormy altar of Qazlal.
  5129 | D:5      | Found an opulent altar of Gozag.
  5516 | D:6      | Found a deep blue altar of Sif Muna.
  5516 | D:6      | Found a white marble altar of Elyvilon.
  5521 | D:6      | Became a worshipper of Sif Muna the Loreminder
  5542 | D:6      | Noticed an orc warrior
  5564 | D:6      | Killed an orc warrior
  5564 | D:6      | Reached XP level 7. HP: 24/40 MP: 0/13
  5578 | D:6      | Reached skill level 5 in Dodging
  5837 | D:6      | Reached skill level 3 in Fighting
  6279 | D:6      | Reached skill level 6 in Dodging
  6541 | D:6      | Reached skill level 4 in Fighting
  6611 | D:6      | Reached XP level 8. HP: 36/48 MP: 5/14
  7111 | D:6      | Reached skill level 7 in Dodging
  7641 | D:7      | Found a staircase to the Ecumenical Temple.
  7804 | D:7      | Reached skill level 4 in Spellcasting
  7921 | D:7      | Reached skill level 5 in Spellcasting
  7985 | D:7      | Reached skill level 5 in Fighting
  8064 | D:7      | Noticed Pikel
  8082 | D:7      | Killed Pikel
  8082 | D:7      | Reached * piety under Sif Muna
  8082 | D:7      | Reached skill level 8 in Spellcasting
  8082 | D:7      | Reached XP level 9. HP: 45/54 MP: 11/23
  8358 | D:7      | Found a runed door.
  8379 | D:7      | Found a runed door.
  8588 | D:7      | Reached skill level 8 in Dodging
  8755 | D:7      | Noticed a brown ugly thing
  8767 | D:7      | Killed a purple ugly thing
  8767 | D:7      | Reached skill level 6 in Conjurations
  8969 | D:7      | Reached ** piety under Sif Muna
  8969 | D:7      | Reached skill level 9 in Dodging
  9151 | D:8      | Reached skill level 7 in Conjurations
  9211 | D:8      | Reached skill level 1 in Invocations
  9248 | D:8      | Reached skill level 2 in Invocations
  9283 | D:8      | Noticed Lugonue's ghost (novice SpEn)
  9401 | D:8      | Reached skill level 3 in Invocations
  9409 | D:8      | Reached skill level 10 in Dodging
  9479 | D:8      | Reached XP level 10. HP: 59/59 MP: 6/24
  9581 | D:8      | Found a sand-covered staircase.
  9609 | Ossuary  | Entered an ossuary
  9619 | Ossuary  | Noticed Kidiri's ghost (amateur HEFE)
  9748 | Ossuary  | Reached skill level 4 in Invocations
  9966 | Ossuary  | Learned a level 5 spell: Fireball
 10022 | Ossuary  | Killed Kidiri's ghost
 10439 | D:8      | Reached skill level 5 in Invocations
 10828 | D:8      | Learned a level 2 spell: Blink
 10831 | D:8      | Learned a level 2 spell: Repel Missiles
 10877 | D:9      | Reached skill level 8 in Conjurations
 11018 | D:8      | Killed Lugonue's ghost
 11018 | D:8      | Reached skill level 6 in Invocations
 11383 | D:8      | Reached skill level 5 in Fire Magic
 12040 | D:9      | Found an iron altar of Okawaru.
 12086 | D:9      | Reached skill level 9 in Spellcasting
 12292 | D:9      | Reached *** piety under Sif Muna
 12521 | D:10     | Entered Level 10 of the Dungeon
 12712 | D:10     | Reached skill level 9 in Conjurations
 13023 | D:10     | Mangled by a gnoll sergeant

Skill      XL: |  1  2  3  4  5  6  7  8  9 10 |
---------------+-------------------------------+-----
Conjurations   | 2 3 4 5 7 9 |  9.0
Fire Magic     | 4 5 |  5.6
Fighting       | 1 2 4 5 |  5.0
Dodging        | 4 6 7 10 | 10.4
Spellcasting   | 8 9 |  9.2
Invocations    | 3 6 |  6.2
Stealth        | |  2.4

Vault maps used:
D:1:      dpeg_arrival_stone_temple_mockup, minmay_fountain_box
D:2:      nemelex_altar_shiori
D:3:      lightli_temple_of_fire, portal_sewer_entry_b,
          yredelemnul_altar_generic
D:4:      kennysheep_generic_room_2
D:5:      marbit_many_paths, kennysheep_mini, first_bread
D:6:      gammafunk_temple_overflow_elements
D:7:      lemuel_insect_pit, minmay_temple_entry_glass, uniq_pikel
D:8:      lemuel_ice_spiral_2, nicolae_ossuary_entry_catacombs, sword_in_stone
D:9:      lemuel_doored_altar, zaba_anthole
D:10:     serial_shops, shop, hangedman_tree_tricks, uniq_joseph
Sewer:    sewer_sea
Ossuary:  ossuary_tomb_2

Vanquished Creatures
  Pikel
  The ghost of Lugonue the Unseen, a novice SpEn of Ashenzari
  An ugly thing
  2 two-headed ogres
  A shadow
  3 wyverns
  2 hungry ghosts
  A hippogriff
  The ghost of Kidiri the Ducker, an amateur HEFE
  3 ice beasts
  4 orc warriors
  3 black bears
  A sky beast
  A slave
  A phantom
  An ogre
  2 centaurs
  2 big kobolds
  4 giant frogs
  6 gnoll sergeants
  4 water moccasin zombies
  An elf skeleton
  4 wights
  A howler monkey
  A crimson imp
  2 centaur zombies
  A giant frog zombie
  6 hounds
  7 orc wizards
  3 orc priests
  A centaur skeleton
  A human zombie
  3 human skeletons
  2 iguanas
  A siren
  9 worker ants
  A merfolk avatar
  3 big kobold zombies
  2 mummies
  A howler monkey zombie
  A worker ant zombie
  14 gnolls
  A howler monkey skeleton
  13 adders
  A river rat
  2 shadow imps
  2 adder skeletons
  3 adder zombies
  2 worms
  A dart slug
  6 giant geckos
  30 orcs
  5 ball pythons
  9 bats
  5 giant cockroaches
  4 gnoll zombies
  7 goblins
  9 hobgoblins
  3 jackals
  7 giant newts
  2 hobgoblin zombies
  14 kobolds
  2 kobold zombies
  6 orc zombies
  36 rats
280 creatures vanquished.
